 Dungeon Crawl Stone Soup version 0.26-b1-32-g5d43845318 (webtiles) character file.

Game seed: 5282852640958282921

93 jmlagarto the Firebug (level 4, -1/25 HPs)
             Began as a Gargoyle Fire Elementalist on Jan 10, 2021.
             Killed by divine providence
             ... invoked by an orc priest
              (17 damage)
             ... on level 3 of the Dungeon.
             The game lasted 00:06:12 (2555 turns).

jmlagarto the Firebug (Gargoyle Fire Elementalist)  Turns: 2555, Time: 00:06:13

Health: -1/25      AC:  6    Str: 12    XL:     4   Next: 61%
Magic:  4/8        EV: 12    Int: 16    God:
Gold:   103        SH:  0    Dex: 10    Spells: 7/8 levels left

rFire    . . .     SeeInvis +   c - +0 mace
rCold    . . .     Faith    .   (no shield)
rNeg     + . .     Spirit   .   a - +0 robe
rPois    ∞         Reflect  .   (no helmet)
rElec    +         Harm     .   (no cloak)
rCorr    .         Rampage  .   (no gloves)
Will     .....                  g - +0 pair of boots
Stlth    ++........             (no amulet)
HPRegen  0.08/turn              b - ring of see invisible
MPRegen  0.11/turn              (no ring)

@: no status effects
A: negative energy resistance 1, electricity resistance, unbreathing,
petrification resistance, miasma immunity, AC +3
a: no special abilities


You were on level 3 of the Dungeon.
You visited 1 branch of the dungeon, and saw 3 of its levels.

You collected 103 gold pieces.

Inventory:

Hand Weapons
 c - a +0 mace (weapon)
Armour
 a - a +0 robe (worn)
 g - a +0 pair of boots (worn)
Jewellery
 b - a ring of see invisible (left hand)
Scrolls
 e - 2 scrolls of enchant armour {unknown}
 f - 4 scrolls of remove curse
 j - a scroll of fear {unknown}
 k - 2 scrolls of teleportation {unknown}
 l - a scroll of identify
 m - a scroll of immolation {unknown}
Potions
 d - a potion of resistance
 h - a potion of brilliance {unknown}
 i - a potion of mutation {unknown}
 n - a potion of ambrosia {unknown}


   Skills:
 + Level 1.2 Fighting
 + Level 1.0 Maces & Flails
 + Level 1.8 Dodging
 + Level 2.3 Stealth
 + Level 0.2 Unarmed Combat
 + Level 2.7 Spellcasting
 + Level 1.9 Conjurations
 + Level 3.6 Fire Magic


You had 7 spell levels left.
You knew the following spells:

 Your Spells              Type           Power        Failure   Level
a - Foxfire               Conj/Fire      44%          6%          1

Your spell library contained the following spells:

 Spells                   Type           Power        Failure   Level
 Conjure Flame            Conj/Fire      11%          19%         3
 Inner Flame              Hex/Fire       8%           26%         3
 Sticky Flame             Conj/Fire      11%          52%         4
 Fireball                 Conj/Fire      5%           86%         5


Dungeon Overview and Level Annotations

Branches:
Dungeon (3/15)

Altars:
Cheibriados
Gozag
Yredelemnul


Innate Abilities, Weirdness & Mutations

You are resistant to torment.
Your stone body is resilient. (AC +3)
You are immune to poison.
You resist negative energy. (rN+)
You are resistant to electric shocks. (rElec)
You can survive without breathing.
You are immune to petrification.
You are immune to miasma.


Message History

Your foxfire dissipates!
The orc priest calls down the wrath of Beogh upon you.
Pain shoots through your body!
The orc priest invokes the aid of Beogh against you.
Pain shoots through your body!
You conjure some foxfire!
Your foxfire dissipates!
The foxfire hits the orc priest.
The orc priest is heavily wounded.
You conjure some foxfire!
The foxfire hits the orc priest but does no damage.
The orc priest is heavily wounded.
Your foxfire dissipates!
The orc priest calls upon Beogh to heal the orc.
The orc's wounds heal themselves!
You conjure some foxfire!
The orc priest mumbles some strange prayers to Beogh against you.
Beogh smites you!
Ouch! That really hurt!
You die...

#....#.#..#
#....#.# #....#.#
....#.# #.# #o#
#.#
#.#############.#
#.....oo.v@v....#
#################


You could see an orc priest and an orc.

Vanquished Creatures
  3 adders
  An ooze (D:1)
  A dart slug (D:1)
  4 worms (D:2)
  An orc (D:3)
  A giant cockroach (D:1)
  3 goblins (D:1)
  6 hobgoblins
  4 jackals (D:3)
  11 kobolds
  5 bats
  4 frilled lizards
  8 rats
52 creatures vanquished.

Vanquished Creatures (others)
  137 foxfires
137 creatures vanquished.

Grand Total: 189 creatures vanquished

Notes
Turn   | Place    | Note
-------+----------+-------------------------------------------
     0 | D:1      | jmlagarto the Gargoyle Fire Elementalist began the quest
                  | for the Orb.
     0 | D:1      | Reached XP level 1. HP: 10/10 MP: 3/3
    76 | D:1      | Reached XP level 2. HP: 6/15 MP: 0/5
  1204 | D:1      | Reached XP level 3. HP: 19/19 MP: 4/6
  1549 | D:2      | Reached skill level 1 in Fighting
  1626 | D:2      | Reached XP level 4. HP: 25/25 MP: 3/7
  1803 | D:2      | Found a snail-covered altar of Cheibriados.
  1805 | D:2      | Found a basalt altar of Yredelemnul.
  1932 | D:2      | Found an opulent altar of Gozag.
  2180 | D:3      | Reached skill level 1 in Maces & Flails
  2555 | D:3      | Killed from afar by an orc priest

Illustrated notes

Levels and vault maps discovered:
D:1:      lemuel_arrival_broad_hall, layout_basic
D:2:      layout_rooms, lemuel_coloured_pillars_altar,
          chequers_temple_overflow_statue_of_worship, grunt_ministairs_8
D:3:      layout_basic, kennysheep_generic_room_2

Skill      XL: |  1  2  3  4 |
---------------+-------------+-----
Fighting       | 1 |  1.2
Maces & Flails | 1 |  1.0
Dodging        | |  1.8
Stealth        | |  2.3
Unarmed Combat | |  0.2
Spellcasting   | |  2.7
Conjurations   | |  1.9
Fire Magic     | |  3.6

Action                   |  1- 3 |  4- 6 || total
-------------------------+-------+-------++-------
Melee: Unarmed           |    11 |       ||    11
       Mace              |    14 |     6 ||    20
 Cast: Foxfire           |    54 |    35 ||    89
  Use: Scroll            |     2 |       ||     2
       Potion            |       |     1 ||     1
 Stab: Sleeping          |     1 |       ||     1
Armor: Robe              |    21 |    14 ||    35
Dodge: Dodged            |    29 |    22 ||    51
